 Dungeon Crawl Stone Soup version 0.24.0-13-gcf9b3192b9 (webtiles) character file.

Game seed: 2026613708976735317, levelgen mode: deterministic

783 Lanoc the Cudgeler (level 7, -1/53 HPs)
             Began as an Octopode Chaos Knight on Nov 5, 2019.
             Was a Plaything of Xom.
             Killed by divine providence
             ... invoked by an orc priest
              (9 damage)
             ... on level 4 of the Dungeon.
             The game lasted 00:07:43 (3055 turns).

Lanoc the Cudgeler (Octopode Chaos Knight)          Turns: 3055, Time: 00:07:43

Health: -1/53      AC:  1    Str: 11      XL:     7   Next: 86%
Magic:  7/7        EV: 15    Int: 15      God:    Xom [.*....]
Gold:   208        SH:  0    Dex: 12 (13) Spells: 4/6 levels left

rFire    . . .     SeeInvis .   a - +0 mace (chaos)
rCold    . . .     Gourm    .   (no shield)
rNeg     . . .     Faith    .   (helmet restricted)
rPois    .         Spirit   .   (no amulet)
rElec    .         Reflect  .   h - ring of wizardry (curse)
rCorr    .         Harm     .   (no ring)
MR       .....                  (no ring)
Stlth    ++........             (no ring)
HPRegen  0.17/turn              (no ring)
MPRegen  0.10/turn              (no ring)
                                (no ring)
                                (no ring)

@: flying
A: almost no armour, stealthy swim, amphibious, 8 rings, constrict 8, camouflage
1, robust 1, gelatinous body 1
a: Renounce Religion


You were on level 4 of the Dungeon.
You worshipped Xom.
You were a plaything of Xom.
You were hungry.

You visited 1 branch of the dungeon, and saw 4 of its levels.

You collected 208 gold pieces.

Inventory:

Hand Weapons
 a - a +0 mace of chaos (weapon)
Jewellery
 h - a cursed ring of wizardry (left tentacle)
Wands
 i - a wand of digging (5)
Scrolls
 c - a scroll of magic mapping {unknown}
 e - 3 scrolls of teleportation {unknown}
Potions
 d - 3 potions of agility {unknown}
 f - 2 potions of flight
 j - a potion of magic {unknown}
 k - a potion of mutation {unknown}
 l - a potion of berserk rage {unknown}
Comestibles
 b - 8 rations


   Skills:
 + Level 4.8 Fighting
 * Level 6.2 Maces & Flails
 + Level 4.4 Dodging
 + Level 3.1 Hexes


You had 4 spell levels left.
You knew the following spells:

 Your Spells              Type           Power        Failure   Level  Hunger
a - Ensorcelled Hibernat  Hex/Ice        #.....       9%          2    ###....

Your spell library contained the following spells:

 Spells                   Type           Power        Failure   Level  Hunger
 Corona                   Hex            #......      3%          1    ##.....
 Confuse                  Hex            #.......     9%          3    ####...
 Tukima's Dance           Hex            #.......     9%          3    ####...
 Dazzling Spray           Conj/Hex       #.....       17%         3    ####...


Dungeon Overview and Level Annotations

Branches:
Dungeon (4/15)
 Temple: D:4-7

Altars:

Annotations:
D:3 1 runed translucent door, Aviak's ghost, amateur DsFE
D:4 Eustachio


Innate Abilities, Weirdness & Mutations

You cannot wear most types of armour.
You are very stealthy in the water. (Stealth+)
You are amphibious.
You can wear up to eight rings at the same time.
You can use your tentacles to constrict eight enemies at once.
Your skin changes colour to match your surroundings (Stealth+).
Your rubbery body absorbs attacks. (AC +1, EV +1)
You are robust. (+10% HP)


Message History

* * * LOW HITPOINT WARNING * * *
The quokka bites you.
* * * LOW HITPOINT WARNING * * *
The quasit barely misses you. The quasit claws you.
* * * LOW HITPOINT WARNING * * *
The quasit barely misses you.
You feel better. The quokka closely misses you.
The quasit barely misses you. x2
The quasit closely misses you. The river rat bites you.
* * * LOW HITPOINT WARNING * * *
Unknown command.
It was a potion of flight.
You feel very buoyant.
You fly up into the air.
Xom thinks this is hilarious!
The quokka misses you. The quasit barely misses you.
The quasit completely misses you. The quasit misses you.
You hear something mumble some strange prayers to Beogh against you.
Beogh smites you!
You die...
Xom bursts into laughter!

..###.†...†..
#.........†..
#####........
####...<.....
##.......b...#
###########.....Zb###...
#.......)).[.....###...#
#......55{...@.........#
#......@rbr.###.###.####
#.......r..## #.###.....
#.......5.#####.##..####
#.........###...........
#.............#.........
####.....#.###..........
##.....#.# #..........
##........###..........
#......................


You could see Eustachio, a quasit, 2 river rats, 2 white imps, a quokka and a
bat.

Vanquished Creatures
  A hungry ghost (D:4)
  6 big kobolds (D:3)
  A hound (D:4)
  A bullfrog skeleton (D:4)
  Robin (D:3)
  3 gnolls (D:3)
  2 adders
  An adder skeleton (D:3)
  A worm (D:3)
  A dart slug (D:2)
  2 leopard geckos
  6 orcs
  2 giant cockroaches
  16 goblins
  6 hobgoblins
  43 kobolds
  2 quokkas (D:2)
  3 ball pythons
  7 bats
  7 frilled lizards
  A leopard gecko skeleton (D:4)
  6 rats
119 creatures vanquished.

Vanquished Creatures (collateral kills)
  A kobold (D:3)
1 creature vanquished.

Grand Total: 120 creatures vanquished

Notes
Turn   | Place    | Note
-------+----------+-------------------------------------------
     0 | D:1      | Lanoc the Octopode Chaos Knight began the quest for the
                  | Orb.
     0 | D:1      | Reached XP level 1. HP: 16/16 MP: 1/1
   207 | D:1      | Reached XP level 2. HP: 16/21 MP: 2/2
   219 | D:1      | XOM: silly message
   260 | D:1      | XOM: divination: magic mapping
   312 | D:1      | You fall into a shaft and drop 1 floor!
   367 | D:2      | XOM: give mutation
   367 | D:2      | Gained mutation: You are robust. (+10% HP) [Xom's mischief]
   626 | D:2      | Reached XP level 3. HP: 25/28 MP: 3/3
  1200 | D:3      | XOM: harmless Summ miscast
  1229 | D:3      | Reached skill level 4 in Maces & Flails
  1229 | D:3      | Reached XP level 4. HP: 31/34 MP: 4/4
  1380 | D:3      | Found a runed translucent door.
  1380 | D:3      | Noticed Robin
  1435 | D:3      | Learned a level 2 spell: Ensorcelled Hibernation
  1730 | D:3      | XOM: silly message
  1770 | D:3      | Killed Robin
  1872 | D:3      | Noticed Aviak's ghost (amateur DsFE)
  2237 | D:3      | Reached XP level 5. HP: 40/40 MP: 5/5
  2275 | D:3      | Noticed a big kobold
  2280 | D:3      | Killed a big kobold
  2280 | D:3      | Reached skill level 1 in Hexes
  2293 | D:3      | Noticed a big kobold
  2300 | D:3      | Killed a big kobold
  2300 | D:3      | Reached XP level 6. HP: 38/47 MP: 6/6
  2316 | D:3      | XOM: divination: magic mapping
  2359 | D:3      | Reached skill level 5 in Maces & Flails
  2359 | D:3      | XOM: mild Tmut miscast
  2576 | D:3      | Reached XP level 7. HP: 32/53 MP: 7/7
  2596 | D:3      | XOM: cloud trail
  2609 | D:3      | XOM: potion effect (curing)
  2741 | D:3      | XOM: noise
  2920 | D:4      | Noticed Eustachio
  2965 | D:4      | Noticed a hungry ghost
  2976 | D:4      | Killed a hungry ghost
  2976 | D:4      | Reached skill level 6 in Maces & Flails
  3051 | D:4      | XOM: silly message
  3052 | D:4      | Xom revived you
  3055 | D:4      | Killed from afar by an orc priest

Levels and vault maps discovered:
D:1:      saegor_arrival_miasma, layout_basic
D:2:      layout_rooms, lemuel_blue_sif_altar
D:3:      minmay_goblin_kobold_castle, layout_basic, first_ration,
          ebering_ghost_reflecting_pool, uniq_robin
D:4:      layout_rooms, serial_shops, nicolae_shop_crystal,
          nicolae_qazlal_style_of_elements, uniq_eustachio

Skill      XL: |  1  2  3  4  5  6  7 |
---------------+----------------------+-----
Maces & Flails | 4 5 6 |  6.2
Dodging        | 3 4 |  4.4
Hexes          | 1 2 3 |  3.1
Fighting       | 4 |  4.8

Action                   |  1- 3 |  4- 6 |  7- 9 || total
-------------------------+-------+-------+-------++-------
Melee: Mace              |    85 |   113 |    54 ||   252
       Constrict         |    22 |    28 |    13 ||    63
       Tentacles         |    12 |    16 |    13 ||    41
Throw: Stone             |       |    12 |       ||    12
  Use: Potion            |       |       |     3 ||     3
 Stab: Sleeping          |     2 |     1 |     3 ||     6
       Paralysed         |       |       |     3 ||     3
       Distracted        |       |       |     1 ||     1
  Eat: Chunk             |     1 |     3 |       ||     4
       Ration            |       |       |     1 ||     1
Armor: Skin              |     8 |     4 |     9 ||    21
Dodge: Dodged            |    76 |   108 |    54 ||   238
